 Dungeon Crawl Stone Soup version 0.21-a0-496-g696f58f (webtiles) character file.

6613 Spazmo the Thaumaturge (level 10, -7/60 HPs)
             Began as a Deep Elf Conjurer on Nov 24, 2017.
             Was a Believer of Vehumet.
             Mangled by Vlans's ghost (9 damage)
             ... on level 9 of the Dungeon.
             The game lasted 00:33:21 (9492 turns).

Spazmo the Thaumaturge (Deep Elf Conjurer)          Turns: 9492, Time: 00:33:22

Health: -7/60      AC:  4    Str:  5    XL:     10   Next: 72%
Magic:  16/26      EV: 19    Int: 24    God:    Vehumet [**....]
Gold:   529        SH:  4    Dex: 21    Spells: 14/29 levels left

rFire    . . .     SeeInvis .   y - +3 war axe of Gitagacs {chop, Dex+6}
rCold    . . .     Gourm    .   K - +0 buckler (curse)
rNeg     . . .     Faith    .   a - +0 robe
rPois    .         Spirit   .   s - +1 helmet
rElec    .         Reflect  .   (no cloak)
rCorr    .         Harm     .   (no gloves)
MR       ++...                  (no boots)
Stlth    ++++......             (no amulet)
HPRegen  0.20/turn              n - ring of protection from magic
MPRegen  0.20/turn              A - ring of stealth

@: no status effects
A: no striking features
a: Renounce Religion


You were on level 9 of the Dungeon.
You worshipped Vehumet.
Vehumet was pleased with you.
You were very hungry.

You visited 2 branches of the dungeon, and saw 10 of its levels.

You collected 529 gold pieces.

Inventory:

Hand Weapons
 y - the +3 war axe of Gitagacs (weapon) {chop, Dex+6}
   (You found it on level 4 of the Dungeon)

   It inflicts extra damage upon your enemies.
   It affects your dexterity (+6).
 G - a +0 blowgun
Missiles
 e - 6 needles of paralysis
 i - 412 stones (quivered)
 k - 36 poisoned needles
Armour
 a - a +0 robe (worn)
 s - a +1 helmet (worn)
 K - a cursed +0 buckler (worn)
Jewellery
 n - a ring of protection from magic (left hand)
 A - a ring of stealth (right hand)
Wands
 m - a wand of disintegration (10)
 q - a wand of enslavement (19)
 r - a wand of flame (28)
 z - a wand of iceblast (21)
 J - a wand of digging (10)
Scrolls
 g - 2 scrolls of blinking
 h - 6 scrolls of teleportation
 j - 2 scrolls of enchant weapon
 v - 2 scrolls of enchant armour
 C - a scroll of amnesia
 E - 4 scrolls of remove curse
 H - 3 scrolls of identify
 I - a scroll of noise {unknown}
Potions
 f - 2 potions of curing
 p - a potion of invisibility
 t - a potion of cancellation
 w - a potion of heal wounds
 B - a potion of haste
 D - a potion of might
 F - a potion of mutation {unknown}
Books
 b - a book of Conjurations

   Spells                             Type                      Level
   a - Magic Dart                     Conjuration                  1
   b - Searing Ray                    Conjuration                  2
   c - Dazzling Spray                 Conjuration/Hexes            3
   d - Fulminant Prism                Conjuration/Hexes            4
   e - Force Lance                    Conjuration/Translocation    4
   f - Iskenderun's Mystic Blast      Conjuration                  4
 o - a book of Geomancy

   Spells                             Type                      Level
   a - Sandblast                      Earth                        1
   b - Passwall                       Transmutation/Earth          2
   c - Stone Arrow                    Conjuration/Earth            3
   d - Petrify                        Transmutation/Earth          4
   e - Lee's Rapid Deconstruction     Earth                        5
 u - a book of Cantrips

   Spells                             Type                      Level
   a - Confusing Touch                Hexes                        1
   b - Animate Skeleton               Necromancy                   1
   c - Summon Small Mammal            Summoning                    1
   d - Apportation                    Translocation                1
Comestibles
 c - 5 bread rations
 d - 3 fruits
 l - 7 royal jellies
 x - 4 meat rations


   Skills:
 + Level 6.1 Fighting
 + Level 9.4 Dodging
 - Level 3.0 Stealth
 + Level 0.0 Shields
 - Level 10.0 Spellcasting
 - Level 10.0 Conjurations
 + Level 6.3 Earth Magic


You had 14 spell levels left.
You knew the following spells:

 Your Spells              Type           Power        Failure   Level  Hunger
a - Magic Dart            Conj           ####         1%          1    None
b - Searing Ray           Conj           ######       1%          2    None
c - Force Lance           Conj/Tloc      #####...     11%         4    #......
d - Iskenderun's Mystic   Conj           ######..     1%          4    #......
e - Sandblast             Erth           #####.       1%          1    None
f - Stone Arrow           Conj/Erth      ######       1%          3    None


Dungeon Overview and Level Annotations

Branches:
Dungeon (9/15)             Temple (1/1) D:6            Lair (0/6) D:8
    Orc: D:9-12

Altars:
Ashenzari
Cheibriados
Dithmenos
Elyvilon
Fedhas
Gozag
Hepliaklqana
Kikubaaqudgha
Makhleb
Nemelex Xobeh
Okawaru
Qazlal
Ru
Sif Muna
Trog
Uskayaw
Vehumet
Wu Jian
Xom
Yredelemnul
Zin
The Shining One

Shops:
D:9 [

Annotations:
D:9 Vlans's ghost, journeyman TrFi


Message History

You feel sick. The killer bee misses you. The killer bee stings you.
* * * LOW HITPOINT WARNING * * *
The killer bee barely misses you.
Unknown command.
You feel better. The killer bee closely misses you. The killer bee misses you.
The killer bee stings you!
* * * LOW HITPOINT WARNING * * *
You are poisoned.
The killer bee poisons you! The killer bee barely misses you.
The killer bee stings you.
* * * LOW HITPOINT WARNING * * *
The killer bee closely misses you.
You feel better. The killer bee misses you. The killer bee stings you.
* * * LOW HITPOINT WARNING * * *
The killer bee stings you.
* * * LOW HITPOINT WARNING * * *
The killer bee misses you. The killer bee closely misses you.
The killer bee stings you but does no damage.
Vlans's ghost hits you!
You die...

≈..#≈≈§§≈# #..#......#
≈...≈≈≈≈# #.........#
≈≈...≈≈## #..#.>....#
#≈≈...## #.......###
##≈≈...#####.......#
##≈≈......#.......# ###
##≈≈≈≈≈..........# ##.##
#####≈≈.........# #.÷.#
#####≈≈......@y.### #O.#..#
##≈≈≈≈≈......Wyy...#
÷..####.#
##≈≈......#.....O...#####
###.#
##≈≈...#####......<...#####
#...# #≈≈...##
#..............####.##
≈≈...≈≈##
#...##..............#
≈...≈≈≈≈#
#..............######
≈..#≈≈≈≈≈# #.#.#..........#
≈.###≈§≈≈≈##.#.###.......##


You could see an ogre, 3 killer bees and Vlans's ghost.

Vanquished Creatures
  The ghost of crub the Carver, a novice MiBe of Trog (D:8)
  2 two-headed ogres (D:8)
  A hippogriff (D:7)
  Sigmund (D:5)
  A hungry ghost (D:8)
  3 wargs
  2 orc warriors
  5 ice beasts
  2 black bears
  An ogre (D:5)
  A wolf (D:9)
  2 centaurs
  2 big kobolds
  3 bullfrogs (D:6)
  A wyvern zombie (D:7)
  6 killer bees
  5 wights (D:6)
  3 howler monkeys
  A centaur zombie (D:8)
  2 electric eels (D:9)
  6 crimson imps
  2 bullfrog zombies
  A bullfrog skeleton (D:5)
  4 hounds
  4 jellies
  3 centaur skeletons
  A gnoll shaman (D:6)
  2 orc priests (D:8)
  4 orc wizards
  Jessica (D:2)
  An iguana (D:8)
  Natasha (twice) (D:2)
  8 worker ants
  A killer bee zombie (D:8)
  Robin (D:2)
  A killer bee simulacrum (D:9)
  A worker ant zombie (D:8)
  10 gnolls
  17 adders
  2 howler monkey skeletons
  3 shadow imps (D:7)
  2 ufetubi (D:9)
  2 oozes
  An adder zombie (D:5)
  2 adder skeletons
  2 worms
  An adder simulacrum (D:9)
  2 leopard geckos
  26 orcs
  3 ball pythons
  5 bats
  4 giant cockroaches
  17 goblins
  10 hobgoblins
  10 jackals
  19 kobolds
  10 quokkas
  9 frilled lizards
  A leopard gecko zombie (D:6)
  5 rats
251 creatures vanquished.

Vanquished Creatures (others)
  2 plants (D:9)
2 creatures vanquished.

Grand Total: 253 creatures vanquished

Notes
Turn   | Place    | Note
-------+----------+-------------------------------------------
     0 | D:1      | Spazmo the Deep Elf Conjurer began the quest for the Orb.
     0 | D:1      | Reached XP level 1. HP: 10/10 MP: 6/6
   219 | D:1      | Reached XP level 2. HP: 15/15 MP: 6/8
   224 | D:1      | Learned a level 2 spell: Searing Ray
   846 | D:2      | Reached XP level 3. HP: 19/19 MP: 3/10
   969 | D:2      | Found an iron altar of Okawaru.
  1066 | D:2      | Reached skill level 5 in Conjurations
  1206 | D:2      | Noticed Jessica
  1211 | D:2      | Killed Jessica
  1211 | D:2      | Reached XP level 4. HP: 24/24 MP: 6/12
  1316 | D:2      | Noticed Robin
  1343 | D:2      | Killed Robin
  1532 | D:2      | Noticed Natasha
  1537 | D:2      | Killed Natasha
  1537 | D:2      | Reached skill level 5 in Spellcasting
  1537 | D:2      | Reached XP level 5. HP: 28/28 MP: 7/14
  1543 | D:2      | Learned a level 4 spell: Force Lance
  1548 | D:2      | Learned a level 4 spell: Iskenderun's Mystic Blast
  1671 | D:2      | Noticed Natasha
  1675 | D:2      | Killed Natasha
  2333 | D:3      | Reached XP level 6. HP: 21/32 MP: 2/17
  2497 | D:3      | Found a faded altar of an unknown god.
  2694 | D:3      | Found a stormy altar of Qazlal.
  3130 | D:4      | Found a sparkling altar of Nemelex Xobeh.
  3536 | D:4      | Got an ancient war axe
  3842 | D:5      | Entered Level 5 of the Dungeon
  3848 | D:5      | Reached XP level 7. HP: 36/36 MP: 12/19
  4007 | D:5      | Noticed Sigmund
  4104 | D:5      | Killed Sigmund
  4306 | D:5      | Found a white marble altar of Elyvilon.
  4340 | D:5      | Reached XP level 8. HP: 31/41 MP: 16/22
  4362 | D:5      | Identified the +3 war axe of Gitagacs {chop, Dex+6} (You found it on level 4 of the Dungeon)
  4800 | D:5      | Found a deep blue altar of Sif Muna.
  4924 | D:6      | Found a hazy altar of Hepliaklqana.
  4924 | D:6      | Found a faded altar of an unknown god.
  5029 | D:6      | Reached skill level 10 in Spellcasting
  5285 | D:6      | Reached skill level 10 in Conjurations
  5286 | D:6      | Found an ancient bone altar of Kikubaaqudgha.
  5470 | D:6      | Found a staircase to the Ecumenical Temple.
  5533 | Temple   | Entered the Ecumenical Temple
  5718 | D:6      | Found a glowing silver altar of Zin.
  5718 | D:6      | Noticed an angel
  5765 | D:6      | Found a faded altar of an unknown god.
  5767 | D:6      | Found a radiant altar of Vehumet.
  5769 | D:6      | Found an opulent altar of Gozag.
  5773 | D:6      | Became a worshipper of Vehumet
  5788 | D:6      | Reached skill level 1 in Fighting
  5851 | D:7      | Noticed a hippogriff
  5871 | D:7      | Killed a hippogriff
  5871 | D:7      | Reached XP level 9. HP: 41/48 MP: 13/25
  6044 | D:7      | Reached skill level 5 in Dodging
  6387 | D:7      | Reached * piety under Vehumet
  6387 | D:7      | Offered knowledge of Sandblast by Vehumet.
  6522 | D:7      | Found a bloodstained altar of Trog.
  6819 | D:7      | Learned a level 1 spell: Sandblast
  6823 | D:7      | Learned a level 3 spell: Stone Arrow
  6834 | D:7      | Reached skill level 1 in Earth Magic
  7082 | D:8      | Noticed crub's ghost (novice MiBe)
  7117 | D:8      | Noticed a two-headed ogre
  7448 | D:8      | Noticed a two-headed ogre
  7985 | D:8      | Reached XP level 10. HP: 42/58 MP: 11/26
  8148 | D:8      | Offered knowledge of Freeze by Vehumet.
  8153 | D:8      | Found a staircase to the Lair.
  8163 | D:8      | Reached ** piety under Vehumet
  8363 | D:8      | Killed a two-headed ogre
  8363 | D:8      | Reached skill level 5 in Fighting
  8410 | D:8      | Noticed a two-headed ogre
  8421 | D:8      | Killed a two-headed ogre
  8421 | D:8      | Reached skill level 5 in Earth Magic
  8670 | D:8      | Killed crub's ghost
  8939 | D:8      | Found an ornate altar of the Wu Jian Council.
  8991 | D:9      | Noticed Vlans's ghost (journeyman TrFi)
  9350 | D:9      | Found Mouwicet's Armour Shop.
  9470 | D:9      | HP: 2/60 [Vlans's ghost (18)]
  9491 | D:9      | HP: 3/60 [killer bee (8)]
  9491 | D:9      | HP: 1/60 [killer bee (2)]
  9492 | D:9      | Mangled by Vlans's ghost

Vault maps used:
D:1:      nicolae_arrival_washed_ashore, minivault_14
D:2:      okawaru_gym_becter, uniq_jessica, uniq_natasha, uniq_robin
D:3:      first_bread, chequers_ecumenical_altar_simple_redux,
          grunt_qazlal_clouds
D:4:      nemelex_xobeh_ov_fountains_minmay, feat_on_display
D:5:      elyvilon_altar_5, led_sif_pool, uniq_sigmund
D:6:      old_standard_altar, zin_angel, chequers_temple_overflow_minitemple,
          minmay_temple_entry_hall, sigmund_army
D:7:      basic_altar, hangedman_decor_points
D:8:      kennysheep_mini, erik_lair_orcish_takeover
D:9:      minmay_weird_star, serial_ice, serial_ice_i, serial_ice_f,
          serial_ice_c, serial_ice_e, basic_altar, serial_shops, shop_fountains,
          grunt_ogre_cave, eino_tiny_chamber, serial_bayou_lake_a
Temple:   dshaligram_water_room_temple

Skill      XL: |  1  2  3  4  5  6  7  8  9 10 |
---------------+-------------------------------+-----
Stealth        | 3 |  3.0
Dodging        | 3 4 7 9 |  9.4
Spellcasting   | 4 5 6 7 8 10 | 10.0
Conjurations   | 5 6 7 8 10 | 10.0
Fighting       | 1 4 6 |  6.1
Earth Magic    | 3 6 |  6.3

Action                   |  1- 3 |  4- 6 |  7- 9 | 10-12 || total
-------------------------+-------+-------+-------+-------++-------
Melee: Unarmed           |     7 |       |       |       ||     7
       Short sword       |       |     1 |       |       ||     1
 Fire: Blowgun           |       |       |       |     4 ||     4
 Cast: Magic Dart        |    73 |   175 |   159 |    79 ||   486
       Searing Ray       |     1 |     8 |    41 |    11 ||    61
       Iskenderun's Myst |       |       |    27 |     4 ||    31
       Force Lance       |       |       |     2 |     4 ||     6
       Sandblast         |       |       |     1 |    24 ||    25
       Stone Arrow       |       |       |     1 |     3 ||     4
Evoke: Wand              |       |     6 |     1 |       ||     7
  Use: Potion            |       |     2 |     3 |     5 ||    10
       Scroll            |       |     7 |     5 |       ||    12
  Eat: Chunk             |     1 |     8 |     9 |     4 ||    22
       Fruit             |       |       |     4 |     1 ||     5
Armor: Robe              |     4 |    15 |    25 |     8 ||    52
Dodge: Dodged            |    10 |    43 |   119 |    59 ||   231
Block: Buckler           |       |       |       |     3 ||     3

Table legend:
 A = Spawn XP
 B = Non-spawn XP
 C = Spawn XP percentage of total XP
 D = Spawn monster count
 E = Non-spawn monster count
 F = Spawn count percentage of total count
 G = Total turns spent on level
                    A         B        C        D         E        F      G
               +---------+---------+-------+---------+---------+-------+---------
         Total |       0 |    9448 |   0.0 |       0 |     251 |   0.0 |  9492
               +---------+---------+-------+---------+---------+-------+---------
           D:1 |       0 |      34 |   0.0 |       0 |      20 |   0.0 |   832
           D:2 |       0 |     219 |   0.0 |       0 |      37 |   0.0 |  1286
           D:3 |       0 |     171 |   0.0 |       0 |      31 |   0.0 |   713
           D:4 |       0 |     287 |   0.0 |       0 |      20 |   0.0 |  1081
           D:5 |       0 |     927 |   0.0 |       0 |      28 |   0.0 |   995
           D:6 |       0 |     936 |   0.0 |       0 |      25 |   0.0 |   847
           D:7 |       0 |    1980 |   0.0 |       0 |      42 |   0.0 |  2172
           D:8 |       0 |    4244 |   0.0 |       0 |      33 |   0.0 |  1006
           D:9 |       0 |     650 |   0.0 |       0 |      15 |   0.0 |   469
               +---------+---------+-------+---------+---------+-------+---------
